 Dungeon Sprint DCSS version 0.29.1-15-g9cfb28693d (webtiles) character file.

Game seed: 13156173553598613895

1325 Groucho the Fighter (level 8, 0/85 HPs)
             Began as a Naga Fighter on Apr 19, 2023.
             Was a Believer of Cheibriados.
             Slain by a gargoyle
             ... wielding a +0 flail
              (11 damage)
             ... in the Dungeon (Sprint IX: "|||||||||||||||||||||||||||||").
             The game lasted 00:03:06 (1047 turns).

Groucho the Fighter (Naga Fighter)                  Turns: 1047, Time: 00:03:06

Health: 0/85       AC: 15    Str: 25    XL:     8   Next: 60%
Magic:  13/13      EV:  6    Int: 13    God:    Cheibriados [**....]
Gold:   0          SH:  7    Dex: 20    Spells: 7/7 levels left

rFire   . . .      SeeInvis +   l - +3 war axe (freeze)
rCold   . . .      Faith    .   c - +0 buckler
rNeg    . . .      Spirit   .   o - +1 chain mail
rPois   +          Reflect  .   a - +0 helmet
rElec   .          Harm     .   (no cloak)
rCorr   .          Rampage  .   n - +0 pair of gloves
Will    +....      NoTele   +   (no barding)
Stlth   ..........              (no amulet)
HPRegen 0.24/turn               p - +3 ring of dexterity
MPRegen 0.13/turn               q - +2 ring of protection

@: slowed, very slow
A: AC +2, large, see invisible, deformed body, poison resistance, slowness 2,
spit poison 1, naga tail 1
a: Spit Poison, Renounce Religion, Bend Time


You were in the Dungeon.
You worshipped Cheibriados.
Cheibriados was pleased with you.
You visited 1 branch

Inventory:

Hand Weapons
 l - a +3 war axe of freezing (weapon)
 m - a +2 morningstar of protection
Armour
 a - a +0 helmet (worn)
 b - a +0 scale mail
 c - a +0 buckler (worn)
 n - a +0 pair of gloves (worn)
 o - a +1 chain mail (worn)
Jewellery
 p - a +3 ring of dexterity (left hand)
 q - a +2 ring of protection (right hand)
Wands
 k - a wand of roots (10)
Scrolls
 i - 2 scrolls of amnesia
 j - a scroll of blinking
Potions
 e - a potion of curing
 h - 4 potions of magic


   Skills:
 + Level 9.3 Fighting
 + Level 9.0 Axes
 + Level 7.7 Armour
 + Level 8.5 Shields
 + Level 7.3 Invocations


You had 7 spell levels left.
You didn't know any spells.
Your spell library was empty.

Dungeon Overview and Level Annotations

Branches:
Dungeon (1/1)

Altars:
Cheibriados
Dithmenos
Elyvilon
Fedhas
Gozag
Hepliaklqana
Kikubaaqudgha
Makhleb
Nemelex Xobeh
Okawaru
Qazlal
Ru
Sif Muna
Trog
Uskayaw
Vehumet
Wu Jian
Xom
Yredelemnul
Zin
The Shining One
Jiyva
Lugonu


Innate Abilities, Weirdness & Mutations

Your serpentine skin is tough. (AC +2)
You have supernaturally acute eyesight. (SInv)
Armour fits poorly on your strangely shaped body.
Your system is resistant to poisons. (rPois)
You cover ground very slowly.
You can spit poison.
You have a snake-like lower body.


Message History

You barely miss the gargoyle. The gargoyle hits you with a +0 flail!
* * * LOW HITPOINT WARNING * * *
The gargoyle hurls a stone arrow at you.
You block the stone arrow.
You hit the gargoyle. You freeze the gargoyle.
The gargoyle is moderately damaged.
The gargoyle hits you but does no damage.
You feel better.
The gargoyle hits you but does no damage.
The gargoyle hurls a stone arrow at you.
You block the stone arrow.
You feel better.
The gargoyle hurls a stone arrow at you.
The stone arrow hits you!!
* * * LOW HITPOINT WARNING * * *
You feel better.
The gargoyle hits you but does no damage.
The gargoyle hits you with a +0 flail!
* * * LOW HITPOINT WARNING * * *
Unknown command.
Unknown command.
You hit the gargoyle but do no damage.
The gargoyle is moderately damaged.
The gargoyle hits you with a +0 flail.
* * * LOW HITPOINT WARNING * * *
Unknown command.
Unknown command.
You slash the gargoyle! You freeze the gargoyle.
The gargoyle is severely damaged.
The gargoyle hits you with a +0 flail.
* * * LOW HITPOINT WARNING * * *
The gargoyle hurls a stone arrow at you.
The stone arrow misses you.
Unknown command.
Unknown command.
Okay, then.
You closely miss the gargoyle.
The gargoyle is severely damaged.
The gargoyle hits you with a +0 flail!
You die... ▓▓▓▓▓▓▓▓▓▓▓▓▓▓▓▓▓▓▓▓▓▓▓▓▓▓▓▓▓▓▓▓▓ ......)9W....).9@________________ ▓▓▓▓▓▓▓▓▓▓▓▓▓▓▓▓▓▓▓▓▓▓▓▓▓▓▓▓▓▓▓▓▓

You could see a gargoyle.

Vanquished Creatures
  A two-headed ogre (D)
  A gargoyle (D)
  A wraith (D)
  A yak (D)
  An orc warrior (D)
  A black bear (D)
  A necrophage (D)
  An adder (D)
  A worm (D)
  An orc (D)
  A ball python (D)
  A goblin (D)
  2 kobolds (D)
  A rat (D)
15 creatures vanquished.

Notes
Turn   | Place    | Note
-------+----------+-------------------------------------------
     0 | D        | Groucho the Naga Fighter began the quest for the Orb.
     0 | D        | Reached XP level 1. HP: 21/21 MP: 1/1
     2 | D        | Banished a spatial maelstrom
    22 | D        | Noticed a black bear
    22 | D        | Noticed a necrophage
    33 | D        | Reached XP level 2. HP: 21/30 MP: 2/2
    41 | D        | Killed a necrophage
    42 | D        | Reached skill level 5 in Fighting
    42 | D        | Reached XP level 3. HP: 23/39 MP: 3/3
    42 | D        | Reached XP level 4. HP: 27/46 MP: 4/4
    47 | D        | Killed a black bear
    48 | D        | Reached skill level 5 in Axes
    48 | D        | Reached skill level 5 in Armour
    48 | D        | Reached skill level 5 in Shields
    48 | D        | Reached XP level 5. HP: 27/55 MP: 5/5
   449 | D        | Found a snail-covered altar of Cheibriados.
   449 | D        | Found a shadowy altar of Dithmenos.
   449 | D        | Found a white marble altar of Elyvilon.
   449 | D        | Found a blossoming altar of Fedhas.
   449 | D        | Found an opulent altar of Gozag.
   450 | D        | Found a hazy altar of Hepliaklqana.
   451 | D        | Found a viscous altar of Jiyva.
   452 | D        | Found an ancient bone altar of Kikubaaqudgha.
   453 | D        | Became a worshipper of Cheibriados the Contemplative
   454 | D        | Found a corrupted altar of Lugonu.
   455 | D        | Found a burning altar of Makhleb.
   456 | D        | Found a sparkling altar of Nemelex Xobeh.
   457 | D        | Found an iron altar of Okawaru.
   458 | D        | Found a stormy altar of Qazlal.
   459 | D        | Found a sacrificial altar of Ru.
   460 | D        | Found a shimmering blue altar of Sif Muna.
   461 | D        | Found a bloodstained altar of Trog.
   462 | D        | Found a hide-covered altar of Uskayaw.
   463 | D        | Found a radiant altar of Vehumet.
   464 | D        | Found an ornate altar of the Wu Jian Council.
   465 | D        | Found a shimmering altar of Xom.
   466 | D        | Found a basalt altar of Yredelemnul.
   467 | D        | Found a glowing silver altar of Zin.
   468 | D        | Found a glowing golden altar of the Shining One.
   521 | D        | Noticed a gargoyle
   521 | D        | Noticed a wraith
   521 | D        | Noticed a yak
   521 | D        | Noticed a gargoyle
   521 | D        | Noticed a two-headed ogre
   521 | D        | Noticed an orc warrior
   529 | D        | Killed a two-headed ogre
   530 | D        | Reached skill level 5 in Invocations
   530 | D        | Reached XP level 6. HP: 29/68 MP: 5/10
   530 | D        | Reached XP level 7. HP: 32/75 MP: 5/11
   537 | D        | Killed a gargoyle
   537 | D        | Reached * piety under Cheibriados
   538 | D        | Reached XP level 8. HP: 13/84 MP: 6/13
  1026 | D        | Killed a yak
  1026 | D        | Reached ** piety under Cheibriados
  1038 | D        | Killed a wraith
  1047 | D        | Slain by a gargoyle

Illustrated notes

Levels and vault maps discovered:
D:        linesprint [early_d, line_temple, items_1, d_10, items_2, lair_1,
          lair_end, items_3, orc_1, orc_end, items_4, d_15, swamp_1, shoals_1,
          snake_1, spider_1, d_20, vaults_1, items_5, swamp_end, shoals_end,
          snake_end, spider_end, vaults_end, d_27, items_6, zot_1, zot_end,
          crypt_end, forest_end, elf_end, slime_end, tomb_end, abyss_end,
          pan_hell_end]

Skill      XL: |  1  2  3  4  5  6  7  8 |
---------------+-------------------------+-----
Shields        | 3 4 5 7 8 |  8.5
Axes           | 3 4 5 8 9 |  9.0
Armour         | 3 4 5 7 |  7.7
Fighting       | 5 6 8 9 |  9.3
Invocations    | 5 6 7 |  7.3

Action                   |  1- 3 |  4- 6 |  7- 9 || total
-------------------------+-------+-------+-------++-------
Melee: War axe           |    29 |    11 |    26 ||    66
  Use: Potion            |     2 |     4 |     5 ||    11
       Scroll            |       |       |     1 ||     1
 Stab: Invisible         |       |     1 |       ||     1
Armor: Scale mail        |     6 |     1 |       ||     7
       Chain mail        |       |       |    10 ||    10
Dodge: Dodged            |     9 |     2 |     7 ||    18
Block: Buckler           |     6 |     2 |     7 ||    15
